 Dungeon Crawl Stone Soup version 0.30.0-5-g1a98f26d00 (webtiles) character file.

Game seed: 10286424740713357364

10714 qeuew the Protected (level 11, -21/95 HPs)
             Began as a Minotaur Fighter on May 8, 2023.
             Was an Initiate of Gozag.
             Demolished by a white ugly thing (35 damage)
             ... on level 11 of the Dungeon.
             The game lasted 00:15:39 (10237 turns).

qeuew the Protected (Minotaur Fighter)             Turns: 10237, Time: 00:15:39

Health: -21/95     AC:  9    Str: 28    XL:     11   Next: 39%
Magic:  19/19      EV: 14    Int:  4    God:    Gozag
Gold:   181        SH:  6    Dex: 17    Spells: 10/10 levels left

rFire   . . .        s - +5 war axe
rCold   . . .        c - +0 buckler
rNeg    . . .        b - +0 scale mail
rPois   .            (helmet restricted)
rElec   +            (no cloak)
rCorr   +            (no gloves)
SInv    +            (no boots)
Will    .....        (no amulet) Stlth
                     v - ring of Dithmenos's Regard {rCorr MP+9 Str+7 SInv}
HPRegen 0.35/turn    q - ring "Xucoir" {rElec Slay+4}
MPRegen 0.16/turn

%: no passive effects
@: gold aura
A: horns 2, retaliatory headbutt, agile 1
a: Renounce Religion, Potion Petition, Call Merchant, Bribe Branch


You were on level 11 of the Dungeon.
You worshipped Gozag.
Gozag was aware of your devotion.
You visited 2 branches of the dungeon, and saw 12 of its levels.
You also visited: Ossuary.

You collected 2339 gold pieces.
You spent 2009 gold pieces at shops.
You paid 149 gold pieces to Gozag.

Inventory:

Hand Weapons
 s - a +5 war axe (weapon)
Armour
 b - a +0 scale mail (worn)
 c - a +0 buckler (worn)
Jewellery
 q - the ring "Xucoir" (right hand) {rElec Slay+4}
   (You bought it in a shop on level 2 of the Dungeon)

   [ring of slaying]

   Slay:      It affects your accuracy & damage with ranged weapons and melee
   (+4).
   rElec:     It insulates you from electricity.
 v - the ring of Dithmenos's Regard (left hand) {rCorr MP+9 Str+7 SInv}
   (You bought it in a shop on level 2 of the Dungeon)

   [ring of magical power]

   Str:       It affects your strength (+7).
   MP:        It affects your magic capacity (+9).
   SInv:      It lets you see invisible.
   rCorr:     It protects you from acid and corrosion.
Wands
 k - a wand of flame (18)
 n - a wand of light (17)
Scrolls
 a - a scroll of butterflies
 e - a scroll of identify
 f - a scroll of amnesia
 h - 2 scrolls of enchant weapon
 l - a scroll of fog
 m - 2 scrolls of teleportation
 p - a scroll of fear {unknown}
Potions
 d - a potion of ambrosia
 g - 2 potions of resistance
 i - 2 potions of flight
 j - 3 potions of brilliance
 o - a potion of might
 r - 5 potions of curing
 t - a potion of berserk rage
 u - a potion of cancellation
 w - a potion of heal wounds


   Skills:
 + Level 8.5 Fighting
 * Level 11.2 Axes
 * Level 11.6 Armour
 + Level 6.9 Dodging
 + Level 8.6 Shields
 + Level 5.5 Evocations


You had 10 spell levels left.
You didn't know any spells.
Your spell library contained the following spells:

 Spells                   Type           Power      Damage    Failure   Level
 Shock                    Conj/Air       0%         1d3       75%         1
 Cigotuvi's Dreadful Rot  Necr/Pois/Air  0%         N/A       87%         2
 Ignite Poison            Fire/Tmut/Pois 0%         N/A       98%         3
 Stone Arrow              Conj/Erth      0%         3d7       98%         3
 Summon Guardian Golem    Hex/Summ       0%         N/A       98%         3
 Swiftness                Air            0%         N/A       98%         3
 Airstrike                Air            0%         2d(0-16)  100%        4
 Animate Armour           Summ/Erth      0%         N/A       100%        4
 Freezing Cloud           Conj/Ice/Air   0%         6-21      100%        5
 Orb of Destruction       Conj           0%         9d5       100%        7
 Spellforged Servitor     Conj/Summ      0%         N/A       100%        7
 Lehudib's Crystal Spear  Conj/Erth      0%         10d2      100%        8


Dungeon Overview and Level Annotations

Branches:
Dungeon (11/15)            Temple (1/1) D:7            Lair (0/5) D:11
    Orc (0/2) D:11        Ossuary (visited)

Altars:
Ashenzari
Cheibriados
Elyvilon
Fedhas
Gozag
Hepliaklqana
Kikubaaqudgha
Nemelex Xobeh
Okawaru
Qazlal
Ru
Sif Muna
Trog
Uskayaw
Vehumet
Wu Jian
Xom
Yredelemnul
Zin
The Shining One
Lugonu

Shops:
D:1 (   D:2 =   D:4 *   D:6 (


Innate Abilities, Weirdness & Mutations

You have a pair of horns on your head.
You reflexively headbutt those who attack you in melee.
You are agile. (Dex +4, Str/Int -1)


Message History

The orc shouts!
An orc comes into view. It is wielding a +0 dagger.
A white ugly thing comes into view.
The white ugly thing gurgles horribly!
The white ugly thing moves out of view.
You hit the orc wizard.
The orc wizard is moderately wounded.
The orc wizard misses you. You furiously retaliate!
You headbutt the orc wizard!
You kill the orc wizard!
Unknown command.
The white ugly thing headbutts you but does no damage.
You block the orc's attack.
Things that are here:
5 gold pieces; a +0 dagger; a +0 robe Unknown command.
The white ugly thing attacks as you move away!
The white ugly thing misses you. The orc attacks as you move away!
The orc closely misses you. You furiously retaliate!
You headbutt the orc!
You kill the orc!
The white ugly thing closely misses you.
You slash the white ugly thing!
The white ugly thing is lightly wounded.
You slash the white ugly thing! You headbutt the white ugly thing!
The white ugly thing is heavily wounded.
The white ugly thing headbutts you! The white ugly thing freezes you!!
* * * LOW HITPOINT WARNING * * *
You hit the white ugly thing. You headbutt the white ugly thing!
The white ugly thing is severely wounded.
The white ugly thing is distracted by your dazzling golden aura.
Unknown command.
The white ugly thing gurgles horribly!
You hit the white ugly thing.
The white ugly thing is no longer distracted by gold.
The white ugly thing is almost dead.
The white ugly thing headbutts you.
* * * LOW HITPOINT WARNING * * *
The white ugly thing freezes you!!
You die...
Your body crumbles into a pile of gold.

......##
......#####
#.........#
......... ......#
. ..... .. #oo# $
... ## #u# #..#.#
##@# #.... #.##
#....#####.#
#......#
#..##...## #
#..##....... ..##
#..##..#.....
.....#..##..##..##
....P.......# .##


You could see a white ugly thing and 2 orcs.

Vanquished Creatures
  3 two-headed ogres
  A flayed ghost (D:9)
  2 komodo dragons
  A shadow (D:9)
  A wyvern (D:9)
  5 wraiths (D:9)
  A fire bat (D:9)
  7 yaks
  4 vampire mosquitoes (D:10)
  Edmund (D:6)
  2 water moccasins
  3 sky beasts
  2 black bears (D:11)
  An orc warrior (D:7)
  2 ice beasts (D:7)
  An ogre (D:6)
  A centaur (D:8)
  2 phantoms
  The ghost of Inkenn the Covered, an amateur GrFi (D:3)
  3 elf zombies (Ossuary)
  Blork the orc (D:6)
  5 kobold brigands
  6 bullfrogs
  5 scorpions
  19 wights
  15 killer bees
  A centaur zombie (Ossuary)
  A hound (D:5)
  A gnoll bouda (D:6)
  6 orc priests
  A jelly (D:6)
  4 sleepcaps
  A human zombie (Ossuary)
  5 iguanas
  Ijyb (D:2)
  6 orc wizards
  2 ogre zombies (D:11)
  2 mummies (Ossuary)
  7 adders
  2 white imps
  2 ufetubi
  3 adder zombies (Ossuary)
  A worm (D:2)
  2 dart slugs
  30 orcs
  12 bats
  8 endoplasms
  2 giant cockroaches (D:2)
  12 goblins
  3 hobgoblins
  11 kobolds
  3 quokkas
  7 ball pythons
  A frilled lizard (D:1)
  2 goblin skeletons (D:11)
  2 goblin zombies (Ossuary)
  A hobgoblin skeleton (D:11)
  12 hobgoblin zombies
  9 kobold zombies (Ossuary)
  2 orc skeletons (D:11)
  13 orc zombies
  3 rats
  A spectral orc (D:10)
277 creatures vanquished.

Notes
Turn   | Place    | Note
-------+----------+-------------------------------------------
     0 | D:1      | qeuew the Minotaur Fighter began the quest for the Orb.
     0 | D:1      | Reached XP level 1. HP: 19/19 MP: 0/0
   195 | D:1      | Found a faded altar of an unknown god.
   204 | D:1      | Prayed at the altar of an unknown god.
   204 | D:1      | Became a worshipper of Hepliaklqana the Forgotten
   204 | D:1      | Reached * piety under Hepliaklqana
   205 | D:1      | Fell from the grace of Hepliaklqana
   240 | D:1      | Found Ywopryfu's Weapon Shop.
   361 | D:2      | Found Puegutt's Jewellery Emporium.
   655 | D:2      | Was forgiven by Hepliaklqana
   655 | D:2      | Reached XP level 2. HP: 22/27 MP: 1/1
   745 | D:2      | Noticed Ijyb
   753 | D:2      | Killed Ijyb
   754 | D:2      | Reached skill level 1 in Dodging
   754 | D:2      | Reached XP level 3. HP: 28/33 MP: 2/2
  1092 | D:2      | Reached XP level 4. HP: 40/40 MP: 3/3
  1389 | D:3      | Found a transporter.
  1389 | D:3      | Noticed Inkenn's ghost (amateur GrFi)
  1391 | D:3      | Found a transporter.
  1607 | D:3      | Found a shimmering altar of Xom.
  1761 | D:3      | Reached XP level 5. HP: 33/46 MP: 4/4
  1768 | D:3      | Killed Inkenn's ghost
  1769 | D:3      | Reached skill level 5 in Armour
  1827 | D:4      | Noticed a water moccasin
  1834 | D:4      | Reached skill level 1 in Evocations
  1834 | D:4      | Reached XP level 6. HP: 37/53 MP: 5/5
  1838 | D:4      | Killed a water moccasin
  2232 | D:4      | Found a white marble altar of Elyvilon.
  2232 | D:4      | Found a glowing golden altar of the Shining One.
  2233 | D:4      | Found a glowing silver altar of Zin.
  2274 | D:4      | Found a sand-covered staircase.
  2293 | Ossuary  | Entered an ossuary
  2482 | Ossuary  | Reached XP level 7. HP: 38/60 MP: 6/6
  2489 | Ossuary  | Reached skill level 5 in Axes
  2609 | Ossuary  | Reached skill level 5 in Fighting
  2625 | Ossuary  | Reached skill level 5 in Shields
  2806 | D:4      | Found Uresch's CLEARANCE SALE!.
  2876 | D:5      | Entered Level 5 of the Dungeon
  3000 | D:5      | Found a blossoming altar of Fedhas.
  3017 | D:5      | HP: 3/61 [poisoned by a water moccasin]
  3319 | D:5      | Found an ornate altar of the Wu Jian Council.
  3374 | D:5      | Found a stormy altar of Qazlal.
  3425 | D:5      | Found a bloodstained altar of Trog.
  3760 | D:5      | Reached XP level 8. HP: 66/69 MP: 7/7
  4600 | D:6      | Noticed Edmund
  4611 | D:6      | Killed Edmund
  4976 | D:6      | Found Neon Ijot's Antique Weapon Shop.
  5181 | D:6      | Noticed Blork the orc
  5189 | D:6      | Killed Blork the orc
  5378 | D:6      | Reached XP level 9. HP: 17/74 MP: 8/8
  6211 | D:7      | Found an opulent altar of Gozag.
  6289 | D:7      | Became a worshipper of Gozag Ym Sagoz the Greedy
  6309 | D:7      | Found a staircase to the Ecumenical Temple.
  6366 | Temple   | Entered the Ecumenical Temple
  6475 | D:7      | Identified a scroll of acquirement
  6477 | D:7      | Acquired 1047 gold pieces
  6563 | D:2      | Bought the ring "Xucoir" {rElec Slay+4} for 1288 gold
                  | pieces
  6860 | D:8      | Found a broken altar of Ashenzari.
  7021 | D:8      | Reached skill level 5 in Dodging
  7028 | D:8      | Found a hide-covered altar of Uskayaw.
  7872 | D:8      | Gained mutation: You sometimes lose your temper in combat.
                  | [potion of mutation]
  7872 | D:8      | Lost mutation: You sometimes lose your temper in combat.
                  | [potion of mutation]
  7872 | D:8      | Gained mutation: You are agile. (Dex +4, Str/Int -1)
                  | [potion of mutation]
  7975 | D:9      | Reached XP level 10. HP: 44/86 MP: 9/9
  8044 | D:9      | Reached skill level 10 in Armour
  8547 | D:9      | Found a runed translucent door.
  8553 | D:9      | Found an opulent altar of Gozag.
  8564 | D:9      | Found a sacrificial altar of Ru.
  8575 | D:9      | Found a sparkling altar of Nemelex Xobeh.
  8584 | D:9      | Noticed a flayed ghost
  8595 | D:9      | Killed a flayed ghost
  8596 | D:9      | Reached skill level 10 in Axes
  8602 | D:9      | Identified the +2 great sword of Ickeumy {drain, rC+ Int+3
                  | Stlth+}
  8712 | D:9      | Found a shimmering altar of Xom.
  8723 | D:9      | Found an ornate altar of the Wu Jian Council.
  8876 | D:9      | Found a broken altar of Ashenzari.
  8929 | D:9      | Reached skill level 5 in Evocations
  9217 | D:10     | Entered Level 10 of the Dungeon
  9356 | D:10     | Found a basalt altar of Yredelemnul.
  9485 | D:10     | Noticed a two-headed ogre
  9490 | D:10     | Noticed a two-headed ogre
  9492 | D:10     | Killed a two-headed ogre
  9493 | D:10     | Reached XP level 11. HP: 70/94 MP: 10/10
  9499 | D:10     | Killed a two-headed ogre
  9727 | D:2      | Bought the ring of Dithmenos's Regard {rCorr MP+9 Str+7
                  | SInv} for 721 gold pieces
  9905 | D:11     | Noticed a two-headed ogre
  9913 | D:11     | Killed a two-headed ogre
  9924 | D:11     | Found a staircase to the Lair.
 10204 | D:11     | Found a staircase to the Orcish Mines.
 10229 | D:11     | Noticed a white ugly thing
 10237 | D:11     | Demolished by a white ugly thing

Illustrated notes

Levels and vault maps discovered:
D:1:      psy_arrival_basics, layout_rooms, serial_shops,
          nicolae_shop_bloodbath_and_beyond, chequers_ecumenical_altar_simple
D:2:      kennysheep_the_goblin_king, layout_basic, serial_shops,
          nicolae_shop_gaudy_bauble
D:3:      layout_basic, xom_teletrap_fun, gammafunk_ghost_arena
D:4:      layout_rooms, good_gods_temple_1, nicolae_ossuary_entry_monument,
          minivault_4, nicolae_shop_clearance
D:5:      layout_loops_corners, mainiacjoe_overflow_boulevard,
          nzn_wu_jian_council_hall, lemuel_round_altar,
          mainiacjoe_overflow_cross_hatched, serial_aquarium,
          aquarium_bridge_square [aquarium_subvault_bridge,
          aquarium_subvault_bridge, aquarium_subvault_window,
          aquarium_subvault_bridge], aquarium_window_1, aquarium_window_corner,
          aquarium_window_3, aquarium_window_fake, aquarium_view_2c,
          aquarium_pool_four, minmay_misc_feat_columns, kennysheep_pointless_box
D:6:      layout_basic, st_stairs_2, kennysheep_diamond,
          amcnicky_mini_pool_medium, uniq_blork_the_orc, uniq_edmund
D:7:      layout_rooms, lemuel_tele_altar, minmay_temple_entry_sparse_star
D:8:      layout_gridville, nicolae_ashenzari_panopticon,
          nicolae_uskayaw_dance_hall, kennysheep_generic_room_4
D:9:      due_megacathedral, layout_long_grid, serial_park_tiny_2,
          hangedman_decor_growths
D:10:     kennysheep_spiral_hall, layout_long_grid,
          yredelemnul_forgotten_temple_becter,
          chequers_temple_overflow_minitemple, uniq_urug
D:11:     cheibrodos_statue_roulette, layout_layer_cave,
          due_lair_maze_entry_diamond, zombieorc2_lemuel,
          portal_ice_cave_entry_pillars_1, uniq_lodul
Temple:   corrupted_temple

Skill      XL: |  1  2  3  4  5  6  7  8  9 10 11 |
---------------+----------------------------------+-----
Armour         | 4 5 6 8 9 11 | 11.6
Fighting       | 4 5 6 7 8 |  8.5
Dodging        | 1 2 3 4 5 6 |  6.9
Shields        | 4 5 6 7 8 |  8.6
Axes           | 3 4 6 7 9 10 11 | 11.2
Evocations     | 1 2 3 4 5 |  5.5

Action                     |  1- 3 |  4- 6 |  7- 9 | 10-12 || total
---------------------------+-------+-------+-------+-------++-------
  Melee: War axe           |    43 |   134 |   284 |   185 ||   646
         Headbutt          |     9 |    29 |    57 |    45 ||   140
 Invoke: Renounce Religion |     1 |       |       |       ||     1
    Use: Scroll            |     2 |     6 |     8 |     3 ||    19
         Potion            |     1 |     5 |     4 |       ||    10
   Stab: Distracted        |       |       |       |     2 ||     2
 Armour: Scale mail        |     9 |    43 |    78 |    43 ||   173
  Dodge: Dodged            |    29 |   112 |   191 |    73 ||   405
  Block: Buckler           |     8 |    28 |    66 |    50 ||   152
